 Dungeon Crawl Stone Soup version 0.31-a0-940-gdaa99269f9 (webtiles) character file.

Game seed: 12621286527483551243

107 Elsrick the Grasshopper (level 5, 0/55 HPs)
             Began as a Human Wanderer on Oct 20, 2023.
             Slain by an orc wizard
             ... wielding a +2 dagger of freezing
              (1 damage)
             ... on level 5 of the Dungeon.
             The game lasted 00:07:04 (2579 turns).

Elsrick the Grasshopper (Human Wanderer)            Turns: 2579, Time: 00:07:04

Health: 0/55       AC: 22    Str:  8    XL:     5   Next: 11%
Magic:  7/7        EV:  2    Int: 16    God:
Gold:   142        SH:  0    Dex: 21    Spells: 3/6 levels left

rFire   . . .        g - +4 dagger
rCold   . . .        (no shield)
rNeg    . . .        d - melded +0 robe
rPois   +            (helmet currently unavailable)
rElec   .            (cloak currently unavailable)
rCorr   .            (gloves currently unavailable)
SInv    .            b - melded +0 pair of boots
Will    .....        (no amulet)
Stlth   ++           q - +6 ring of dexterity
HPRegen 0.29/turn    j - ring of poison resistance
MPRegen 0.10/turn

%: no passive effects
@: tree-form
A: stationary, stasis, torment immunity, boosted hp
a: no special abilities


You were on level 5 of the Dungeon.
You were a tree.
You visited 1 branch of the dungeon, and saw 5 of its levels.

You collected 142 gold pieces.

Inventory:

Hand Weapons
 a - a +0 short sword
 g - a +4 dagger (weapon)
 t - a +2 dagger of protection
Armour
 b - a +0 pair of boots (melded)
 d - a +0 robe (melded)
Jewellery
 i - a ring of protection from fire
 j - a ring of poison resistance (right branch)
 k - an amulet of faith
 q - a +6 ring of dexterity (left branch)
Scrolls
 c - 2 scrolls of fog
 e - 4 scrolls of teleportation {unknown}
 m - a scroll of blinking {unknown}
 n - a scroll of brand weapon {unknown}
 o - 5 scrolls of identify {unknown}
 s - a scroll of immolation {unknown}
 u - a scroll of poison {unknown}
 w - a scroll of silence {unknown}
Potions
 f - 2 potions of degeneration {unknown}
 h - a potion of resistance {unknown}
 l - a potion of lignification
 p - a potion of might {unknown}
 r - a potion of brilliance {unknown}
 v - a potion of magic {unknown}


   Skills:
 + Level 1.3 Fighting
 + Level 2.6 Short Blades
 + Level 2.0 Dodging
 - Level 2.5 Stealth
 * Level 1.4 Spellcasting
 + Level 3.8 Translocations
 - Level 1.0 Evocations


You had 3 spell levels left.
You knew the following spells:

 Your Spells              Type           Power      Damage    Failure   Level
a - Apportation           Tloc           26%        N/A       4%          1
b - Blink                 Tloc           26%        N/A       7%          2

Your spell library contained the following spells:

 Spells                   Type           Power      Damage    Failure   Level
 Lesser Beckoning         Tloc           26%        N/A       7%          2
 Gell's Gravitas          Tloc           13%        N/A       14%         3
 Teleport Other           Tloc           13%        N/A       14%         3
 Momentum Strike          Conj/Tloc      14%        3d8       16%         2
 Passage of Golubria      Tloc           13%        N/A       41%         4
 Iskenderun's Mystic Bla  Conj/Tloc      7%         2d4       69%         4
 Dispersal                Tloc           6%         N/A       100%        6


Dungeon Overview and Level Annotations

Branches:
Dungeon (5/15)
 Temple: D:4-7

Altars:
Cheibriados
Sif Muna
Uskayaw

Annotations:
D:4 Eustachio


Message History

* * * LOW HITPOINT WARNING * * *
Something freezes you.
* * * LOW HITPOINT WARNING * * *
Something hits you but does no damage.
It was a potion of lignification.
You turn into a tree.
Your +0 pair of boots melds into your body.
Your +0 robe melds into your body.
Your roots penetrate the ground.
The orc hits you but does no damage.
Something hits you but does no damage. x2
You cannot move.
You hit the orc.
The orc is severely wounded.
The orc hits you but does no damage. Something hits you but does no damage.
Something hits you.
* * * LOW HITPOINT WARNING * * *
You hit the orc.
You kill the orc!
Something hits you but does no damage.
You cannot move.
You cannot move.
You cannot move.
You cannot move.
You cannot move.
You cannot move.
You are too injured to fight recklessly!
You are too injured to fight recklessly!
You are too injured to fight recklessly!
You are too injured to fight recklessly!
You cannot move.
You cannot move.
You cannot move.
There is a strange disturbance nearby!
You cannot move.
Something hits you but does no damage. Something hits you.
* * * LOW HITPOINT WARNING * * *
Something freezes you.
* * * LOW HITPOINT WARNING * * *
Something hits you but does no damage. Something hits you.
* * * LOW HITPOINT WARNING * * *
Something freezes you.
You die...

#...... #.....! #......
##.....# #......#
##......# ........##
...###.{)## ##)♣{## .
##...## #..
##...##########
#....####.......<....###
#>...).......<.......##
##.........###........#
#.......(####..#.#.#.#
##.....##............#
#...####......#.#.#.#


There were no monsters in sight!

Vanquished Creatures
  A gnoll (D:1)
  4 adders
  2 dart slugs
  5 orcs
  2 ball pythons
  8 endoplasms
  3 giant cockroaches
  5 goblins
  2 hobgoblins
  4 jackals
  2 quokkas (D:3)
  3 bats
  2 frilled lizards
  6 kobolds
  A rat (D:2)
50 creatures vanquished.

Notes
Turn   | Place    | Note
-------+----------+-------------------------------------------
     0 | D:1      | Elsrick the Human Wanderer began the quest for the Orb.
     0 | D:1      | Elsrick set off with the following items: a +0 short sword,
                  | a +0 pair of boots, a scroll of fog, a +0 robe; and the
                  | following spell memorised: Apportation; and the following
                  | spells available to memorise: Passage of Golubria,
                  | Iskenderun's Mystic Blast.
     0 | D:1      | Reached XP level 1. HP: 15/15 MP: 2/2
   196 | D:1      | Reached XP level 2. HP: 9/21 MP: 3/3
   400 | D:1      | Reached XP level 3. HP: 9/26 MP: 4/4
   577 | D:1      | Reached skill level 1 in Dodging
  1255 | D:2      | Learned a level 2 spell: Blink
  1348 | D:2      | Reached XP level 4. HP: 24/32 MP: 5/5
  2130 | D:3      | Found a shimmering blue altar of Sif Muna.
  2130 | D:3      | Found a snail-covered altar of Cheibriados.
  2164 | D:3      | Reached XP level 5. HP: 37/37 MP: 6/6
  2296 | D:4      | Noticed a yak
  2296 | D:4      | Noticed a yak
  2296 | D:4      | Noticed a yak
  2296 | D:4      | Noticed a yak
  2298 | D:4      | Found a hide-covered altar of Uskayaw.
  2315 | D:4      | Noticed a yak
  2323 | D:4      | Noticed Eustachio
  2341 | D:5      | Identified the "Noxkapho"
  2341 | D:5      | Entered Level 5 of the Dungeon
  2578 | D:5      | HP: 2/55 [something (1)]
  2579 | D:5      | Slain by an orc wizard

Illustrated notes

Levels and vault maps discovered:
D:1:      sevenhm_arrival_forest_fort_small_3, layout_basic,
          nicolae_grassy_gnolls
D:2:      layout_loops_ring, minmay_octomino_j4
D:3:      layout_rooms, gammafunk_temple_overflow_statue
D:4:      layout_rooms, old_standard_altar, hangedman_decor_growths,
          st_stairs_1, guppyfry_shop_venom, uniq_eustachio
D:5:      minmay_angry_zag, layout_layer_cave, hangedman_feature_mirror,
          glass_columns_b, minivault_27, hangedman_abyss_or_decor_stabs

Skill      XL: |  1  2  3  4 |
---------------+-------------+-----
Dodging        | 1 2 |  2.0
Fighting       | |  1.3
Short Blades   | |  2.6
Stealth        | |  2.5
Spellcasting   | |  1.4
Translocations | |  3.8
Evocations     | |  1.0

Action                     |  1- 3 |  4- 6 || total
---------------------------+-------+-------++-------
  Melee: Short sword       |    24 |       ||    24
         Dagger            |    51 |    85 ||   136
   Cast: Blink             |       |     1 ||     1
    Use: Potion            |       |     1 ||     1
   Stab: Sleeping          |     7 |     2 ||     9
         Distracted        |       |     1 ||     1
 Armour: Robe              |    33 |    49 ||    82
         Skin              |       |    11 ||    11
  Dodge: Dodged            |    28 |    43 ||    71

Table legend: (Time is in decaauts)
 A = Elapsed time spent in this place.
 B = Non-inter-level travel time spent in this place.
 C = Inter-level travel time spent in this place.
 D = Time resting spent in this place.
 E = Time spent auto-exploring this place.
 F = Levels seen in this place.
 G = Mean time per level.
                   A        B        C        D        E       F      G
               +--------+--------+--------+--------+--------+-----+--------+
         Total |   2557 |   2494 |     63 |    409 |   1531 |   5 |  511.4 |
       Dungeon |   2557 |   2494 |     63 |    409 |   1531 |   5 |  511.4 |
               +--------+--------+--------+--------+--------+-----+--------+

Top non-repeatable levels by time:
     D:1: 945 daAuts
     D:2: 763 daAuts
     D:3: 566 daAuts
     D:5: 193 daAuts
     D:4: 87 daAuts
